 Dungeon Crawl Stone Soup version 0.30-a0-469-g84de5afbc5 (webtiles) character file.

Game seed: 4969047808314073486

109 ragingrage the Sneak (level 4, -12/38 HPs)
             Began as a Ghoul Delver on Dec 19, 2022.
             Mangled by a gnoll
             ... wielding a +0 halberd
              (13 damage)
             ... on level 3 of the Dungeon.
             The game lasted 00:02:05 (1677 turns).

ragingrage the Sneak (Ghoul Delver)                 Turns: 1677, Time: 00:02:06

Health: -12/38     AC:  3    Str: 17    XL:     4   Next: 90%
Magic:  3/3        EV: 11    Int:  5    God:
Gold:   111        SH:  0    Dex: 10    Spells: 3/3 levels left

rFire   . . .      SeeInvis .      - Unarmed
rCold   + . .      Faith    .    (no shield)
rNeg    + + +      Spirit   .    a - +0 leather armour
rPois   ∞          Reflect  .    (no helmet)
rElec   .          Harm     .    (no cloak)
rCorr   .          Rampage  .    (no gloves)
Will    .....                    (no boots)
Stlth   +++.......               (no amulet)
HPRegen 0.00/turn                (no ring)
MPRegen 0.08/turn                (no ring)

@: inhibited regen
A: claws 1, cold resistance 1, negative energy resistance 3, inhibited
regeneration, torment resistance 2, devour on kill
a: no special abilities


You were on level 3 of the Dungeon.
You visited 1 branch of the dungeon, and saw 5 of its levels.

You collected 111 gold pieces.

Inventory:

Hand Weapons
 l - a +2 war axe of flaming
Missiles
 n - 2 throwing nets (quivered)
Armour
 a - a +0 leather armour (worn)
 o - a +0 buckler
Jewellery
 q - a ring of wizardry
Wands
 f - a wand of digging (3)
 s - a wand of roots (8)
Scrolls
 b - a scroll of fog
 c - a scroll of magic mapping
 d - a scroll of fear
 h - 2 scrolls of teleportation {unknown}
 i - 4 scrolls of identify {unknown}
 j - a scroll of amnesia {unknown}
 m - a scroll of blinking {unknown}
 p - 2 scrolls of silence {unknown}
Potions
 e - a potion of haste
 g - a potion of brilliance {unknown}
 k - 3 potions of curing {unknown}
 r - 2 potions of invisibility {unknown}


   Skills:
 - Level 3.2 Fighting
 - Level 1.7 Dodging
 + Level 6.3 Stealth
 * Level 4.6 Unarmed Combat


You had 3 spell levels left.
You didn't know any spells.
Your spell library contained the following spells:

 Spells                   Type           Power      Damage    Failure   Level
 Summon Hydra             Summ           0%         N/A       100%        7
 Sublimation of Blood     Necr           Unusable   N/A       N/A         2
 Wereblood                Tmut           Unusable   N/A       N/A         2

Dungeon Overview and Level Annotations

Branches:
Dungeon (5/15)
 Temple: D:4-7

Altars:


Innate Abilities, Weirdness & Mutations

You are immune to poison.
You have sharp fingernails.
Your flesh is cold resistant. (rC+)
You are immune to negative energy. (rN+++)
You do not regenerate when monsters are visible.
You are immune to unholy pain and torment.
You thrive by killing the living.


Message History

You claw the gnoll!
You kill the gnoll!
Throw: 3 throwing nets
Press: ? - help, Q - select action, (/) - cycle Shift-Dir - straight line, f - gnoll
Aim: a gnoll, wielding a +1 flail of protection (60% to hit)
You throw a throwing net. The throwing net hits the gnoll.
The gnoll is caught in the net!
The gnoll struggles against the net.
You barely miss the gnoll.
The gnoll hits you from afar with a +0 halberd!
The gnoll struggles against the net.
You scratch the gnoll.
The gnoll is heavily wounded.
The gnoll struggles against the net.
The gnoll closely misses you.
You scratch the gnoll.
The gnoll is severely wounded.
The gnoll struggles against the net.
The gnoll hits you from afar with a +0 halberd.
You strike the helpless gnoll from behind!
You scratch the gnoll but do no damage.
The gnoll is severely wounded.
The gnoll hits you from afar with a +0 halberd.
The gnoll struggles against the net.
You scratch the gnoll.
The gnoll is almost dead.
The gnoll struggles against the net.
The net rips apart, and the gnoll comes free!
The gnoll hits you from afar with a +0 halberd!
* * * LOW HITPOINT WARNING * * *
Aiming: Fastroot
Press: ? - help, Shift-Dir - straight line, f/p - gnoll
Aim: a gnoll, wielding a +1 flail of protection (almost dead)
The roots erupt in riotous growth!
Roots grab the gnoll. x2
The grasping roots constrict the gnoll.
You kill the gnoll!
The grasping roots constrict the gnoll.
You hear an angry hiss.
The gnoll hits you from afar with a +0 halberd!
You die...

##..#.##..........
##..##.##..........
##..#...##..........
#(......)g.........g
#....#####..........
###.## ##......... #g#
##........ ##)#
######.|. ####.@#
#.......
#.....#########.......
#............##......>
#.....######..........
####### ###..###.##
...####.# #........##
#...###....
######...##


You could see a gnoll (rooted).

Vanquished Creatures
  An adder (D:3)
  7 gnolls
  2 dart slugs
  An endoplasm (D:3)
  4 giant cockroaches (D:2)
  2 hobgoblins
  5 jackals (D:2)
  4 kobolds
  2 quokkas
  4 ball pythons
  4 bats (D:1)
  A frilled lizard (D:3)
  3 goblins
  2 rats (D:1)
42 creatures vanquished.

Vanquished Creatures (others)
  A bat (D:1)
1 creature vanquished.

Grand Total: 43 creatures vanquished

Notes
Turn   | Place    | Note
-------+----------+-------------------------------------------
     0 | D:5      | ragingrage the Ghoul Delver began the quest for the Orb.
     0 | D:5      | Reached XP level 1. HP: 19/19 MP: 0/0
   179 | D:2      | Reached XP level 2. HP: 26/26 MP: 1/1
   619 | D:1      | Reached XP level 3. HP: 31/31 MP: 2/2
   921 | D:2      | Reached skill level 6 in Stealth
   921 | D:2      | Reached XP level 4. HP: 9/38 MP: 3/3
  1676 | D:3      | HP: 1/38 [gnoll/+0 halberd (11)]
  1677 | D:3      | Mangled by a gnoll

Illustrated notes

Levels and vault maps discovered:
D:1:      amcnicky_arrival_underground_garden, layout_rooms, lemuel_flame_loot_1
D:2:      layout_basic, grunt_ministairs_7
D:3:      layout_rooms
D:4:      layout_loops_ring, minmay_temple_entry_arrows,
          hangedman_abyss_or_decor_lesser_grid
D:5:      layout_loops_ring, kennysheep_opposing_triangles

Skill      XL: |  1  2  3 |
---------------+----------+-----
Unarmed Combat | 3 4 |  4.6
Stealth        | 6 |  6.3
Fighting       | |  3.2
Dodging        | |  1.7

Action                   |  1- 3 |  4- 6 || total
-------------------------+-------+-------++-------
Melee: Unarmed           |    77 |    72 ||   149
       Punch             |       |     1 ||     1
Throw: Throwing net      |       |     1 ||     1
Evoke: Wand              |       |     1 ||     1
 Stab: Sleeping          |     5 |     1 ||     6
       Held in net/web   |       |     1 ||     1
Armor: Leather armour    |    16 |    11 ||    27
Dodge: Dodged            |    40 |    36 ||    76

Table legend: (Time is in decaauts)
 A = Elapsed time spent in this place.
 B = Non-inter-level travel time spent in this place.
 C = Inter-level travel time spent in this place.
 D = Time resting spent in this place.
 E = Time spent auto-exploring this place.
 F = Levels seen in this place.
 G = Mean time per level.
                   A        B        C        D        E       F      G
               +--------+--------+--------+--------+--------+-----+--------+
         Total |   1664 |   1573 |     91 |    237 |    902 |   5 |  332.8 |
       Dungeon |   1664 |   1573 |     91 |    237 |    902 |   5 |  332.8 |
               +--------+--------+--------+--------+--------+-----+--------+

Top non-repeatable levels by time:
     D:1: 709 daAuts
     D:2: 565 daAuts
     D:3: 340 daAuts
     D:4: 36 daAuts
     D:5: 12 daAuts
